 Dungeon Crawl Stone Soup version 0.29.0-4-gdea44cf6ec (webtiles) character file.

Game seed: 16696682009854867128

98 qw the Chopper (level 4, -3/26 HPs)
             Began as a Tengu Warper on Aug 28, 2022.
             Slain by Grinder (4 damage)
             ... on level 3 of the Dungeon.
             The game lasted 00:00:09 (2147 turns).

qw the Chopper (Tengu Warper)                       Turns: 2147, Time: 00:00:10

Health: -3/26      AC: 10    Str: 13    XL:     4   Next: 71%
Magic:  8/8        EV: -3    Int: 14    God:
Gold:   49         SH: 12    Dex: 13    Spells: 7/7 levels left

rFire   + . .      SeeInvis .   Y - +0 hand axe
rCold   . . .      Faith    .   j - +0 tower shield
rNeg    . . .      Spirit   .   e - +0 plate armour
rPois   .          Reflect  .   (helmet restricted)
rElec   .          Harm     .   (no cloak)
rCorr   .          Rampage  .   (no gloves)
Will    .....                   (boots unavailable)
Stlth   ..........              (no amulet)
HPRegen 0.08/turn               n - ring of protection from fire
MPRegen 0.11/turn               (no ring)

@: grasped by roots, constricted
A: beak, talons 3
a: no special abilities


You were on level 3 of the Dungeon.
You visited 1 branch of the dungeon, and saw 3 of its levels.

You collected 49 gold pieces.


Innate Abilities, Weirdness & Mutations

You have a beak for a mouth.
You have claws for feet.


   Skills:
 - Level 2.0 Fighting
 - Level 4.1 Axes
 - Level 1.0 Throwing
 - Level 1.1 Armour
 - Level 2.1 Dodging
 + Level 2.6 Shields
 - Level 2.0 Spellcasting
 - Level 2.4 Translocations


You had 7 spell levels left.
You didn't know any spells.
Your spell library contained the following spells:

 Spells                   Type           Power      Damage    Failure   Level
 Blink                    Tloc           16%        N/A       100%        2
 Gell's Gravitas          Tloc           8%         N/A       100%        3
 Lesser Beckoning         Tloc           8%         N/A       100%        3
 Teleport Other           Tloc           8%         N/A       100%        3
 Manifold Assault         Tloc           8%         N/A       100%        5

Inventory:

Hand Weapons
 a - a +0 whip
 Y - a +0 hand axe (weapon)
Missiles
 c - a boomerang (quivered)
Armour
 e - a +0 plate armour (worn)
 j - a +0 tower shield (worn)
Jewellery
 n - a ring of protection from fire (left hand)
Scrolls
 d - a scroll of identify
Potions
 b - a potion of curing {unknown}
 i - a potion of flight {unknown}
 k - a potion of might {unknown}
 l - a potion of haste {unknown}
 o - a potion of mutation {unknown}

Dungeon Overview and Level Annotations

Branches:
Dungeon (3/15)

Altars:

Shops:
D:2 [

Annotations:
D:3 Grinder


Message History

Grinder gestures at you.
You suddenly lose the ability to move!
Grinder blinks!
Grinder gestures at you. Pain shoots through your body!
You can move again.
You see here a +0 plate armour.
You closely miss Grinder. You peck Grinder.
Grinder is lightly wounded.
Grinder gestures at you.
You shrug off the repeated paralysis!
Grinder blinks!
Grinder zaps a wand.
The roots erupt in riotous growth!
The grasping roots grab you! The grasping roots constrict you.
You see here 6 gold pieces.
The roots grasp on you weakens, but your attempt to escape fails.
Grinder gestures at you.
You suddenly lose the ability to move!
The grasping roots constrict you!
The grasping roots release their grip on you.
Grinder blinks!
You can move again.
2142 ||| Stepping ~*~*~tactically~*~*~ (hiding).
You see here a +0 plate armour.
Grinder zaps a wand.
The roots erupt in riotous growth!
The grasping roots grab you! The grasping roots constrict you!
You escape the roots grasp.
Grinder hits you but does no damage.
You closely miss Grinder. Your kick misses Grinder.
Grinder zaps a wand.
The roots erupt in riotous growth!
The grasping roots grab you!
Grinder is unaffected.
The grasping roots constrict you.
You hit Grinder. You claw Grinder, but do no damage.
Grinder is lightly wounded.
Grinder hits you but does no damage. The grasping roots constrict you.
You block Grinder's attack. The grasping roots constrict you.
You hit Grinder.
Grinder is lightly wounded.
Grinder hits you.
You writhe in agony.
You die...

#.. #.# #######
#######.##### #.....#
............###..>..#
.........#.......)..#
.........#..###.....#
#.$[...# #..<..#
#.#....# #######
#.#@...# #..<5......#
###........#
#.....#..# #.....#..#
#..#....... #.. ###.
## #.. ..


You could see Grinder.

Vanquished Creatures
  A hound (D:3)
  3 gnolls
  A worm (D:2)
  2 dart slugs (D:1)
  5 endoplasms
  A giant cockroach (D:2)
  A goblin (D:2)
  4 hobgoblins
  A quokka (D:1)
  3 ball pythons (D:2)
  4 bats
  3 frilled lizards (D:2)
  4 kobolds
  2 rats (D:1)
35 creatures vanquished.

Notes
Turn   | Place    | Note
-------+----------+-------------------------------------------
     0 | D:1      | qw the Tengu Warper began the quest for the Orb.
     0 | D:1      | Reached XP level 1. HP: 12/12 MP: 4/4
     0 | D:1      | 0 ||| qw: Version: 0.1-a-89-g26bdef1
     0 | D:1      | 0 ||| qw: Game counter: 583
     0 | D:1      | 0 ||| qw: Always use a shield: true
     0 | D:1      | 0 ||| qw: God list: Okawaru
     0 | D:1      | 0 ||| qw: Allow faded altars: false
     0 | D:1      | 0 ||| qw: Do Orc after D:15 true
     0 | D:1      | 0 ||| qw: Do second Lair branch before Depths: true
     0 | D:1      | 0 ||| qw: Lair rune preference: random
     0 | D:1      | 0 ||| qw: Plans: Normal
     0 | D:1      | 0 ||| PLANNING D:1-11
   186 | D:1      | Reached XP level 2. HP: 17/17 MP: 6/6
   187 | D:1      | Reached skill level 3 in Axes
   393 | D:1      | 393 ||| Stepping ~*~*~tactically~*~*~ (hiding).
   423 | D:1      | 423 ||| Stepping ~*~*~tactically~*~*~ (hiding).
   424 | D:1      | 424 ||| Stepping ~*~*~tactically~*~*~ (hiding).
   514 | D:1      | Found a faded altar of an unknown god.
   792 | D:1      | 792 ||| READING scroll labelled QINISYR XUSAD.
   893 | D:1      | 893 ||| READING scroll labelled VIVVENLUOJ.
   894 | D:1      | 894 ||| READING scroll labelled GUK ECI FYEHEPP.
   895 | D:1      | 895 ||| DROPPING scroll of blinking.
  1079 | D:2      | 1079 ||| Stepping ~*~*~tactically~*~*~ (stealth).
  1080 | D:2      | 1080 ||| Stepping ~*~*~tactically~*~*~ (stealth).
  1088 | D:2      | 1088 ||| Stepping ~*~*~tactically~*~*~ (stealth).
  1090 | D:2      | 1090 ||| Stepping ~*~*~tactically~*~*~ (stealth).
  1092 | D:2      | 1092 ||| Stepping ~*~*~tactically~*~*~ (stealth).
  1094 | D:2      | 1094 ||| Stepping ~*~*~tactically~*~*~ (stealth).
  1102 | D:2      | Reached XP level 3. HP: 21/21 MP: 7/7
  1244 | D:2      | Found Huqutaz's Armour Emporium.
  1258 | D:2      | 1258 ||| SHOPLISTING +0 cloak (49 gold, have 34).
  1352 | D:2      | Reached skill level 4 in Axes
  1473 | D:2      | HP: 3/21 [worm (8)]
  1832 | D:2      | 1832 ||| UPGRADING to +0 plate armour.
  1842 | D:2      | 1842 ||| DROPPING +0 leather armour.
  1843 | D:2      | 1843 ||| UPGRADING to +0 tower shield.
  1848 | D:2      | 1848 ||| UPGRADING to ring of protection from fire.
  1849 | D:2      | 1849 ||| READING scroll labelled DAZ KAILAXZOIN.
  1850 | D:2      | 1850 ||| READING scroll labelled SAPED NIREIKLY.
  1854 | D:2      | 1854 ||| READING scroll labelled VYP XYTRECZE.
  1855 | D:2      | 1855 ||| READING 2 scrolls of identify.
  1855 | D:2      | 1855 ||| IDENTIFYING red potion
  1856 | D:2      | 1856 ||| DROPPING potion of ambrosia.
  1883 | D:3      | 1883 ||| STAIRDANCE
  1887 | D:2      | Reached skill level 1 in Shields
  1954 | D:3      | 1954 ||| STAIRDANCE
  1958 | D:2      | Reached XP level 4. HP: 26/26 MP: 8/8
  2119 | D:3      | Noticed Grinder
  2125 | D:3      | 2125 ||| Stepping ~*~*~tactically~*~*~ (hiding).
  2132 | D:3      | Paralysed by Grinder for 4 turns
  2139 | D:3      | Paralysed by Grinder for 3 turns
  2142 | D:3      | 2142 ||| Stepping ~*~*~tactically~*~*~ (hiding).
  2146 | D:3      | HP: 3/26 [constriction (4)]
  2147 | D:3      | HP: 1/26 [Grinder (1)]
  2147 | D:3      | Slain by Grinder

Levels and vault maps discovered:
D:1:      eino_arrival_water_star, layout_basic,
          hellmonk_ecumenical_altar_defaced_shrine
D:2:      layout_loops_cross, serial_shops, shop, due_unseen_surprise
D:3:      layout_loops_cross, uniq_jessica, uniq_ijyb, uniq_natasha,
          uniq_grinder

Skill      XL: |  1  2  3  4 |
---------------+-------------+-----
Axes           | 3 4 |  4.1
Shields        | 1 2 |  2.6
Fighting       | |  2.0
Throwing       | |  1.0
Armour         | |  1.1
Dodging        | |  2.1
Spellcasting   | |  2.0
Translocations | |  2.4

Action                   |  1- 3 |  4- 6 || total
-------------------------+-------+-------++-------
Melee: Hand axe          |    58 |    14 ||    72
       Kick              |    17 |     5 ||    22
       Peck              |     6 |     3 ||     9
Throw: Boomerang         |    22 |     2 ||    24
  Use: Scroll            |     7 |       ||     7
Armor: Leather armour    |    10 |       ||    10
       Plate armour      |     8 |     9 ||    17
Dodge: Dodged            |    24 |       ||    24
Block: Tower shield      |     4 |     6 ||    10

Table legend:
 A = Non-vault XP
 B = Vault XP
 C = Vault XP percentage of total XP
 D = Non-vault monster count
 E = Vault monster count
 F = Vault count percentage of total count
                 A         B        C        D         E       F
            +---------+---------+-------+---------+---------+-------
      Total |     136 |       5 |   3.5 |      33 |       2 |   5.7
            +---------+---------+-------+---------+---------+-------
        D:1 |      21 |       5 |  19.2 |      11 |       2 |  15.4
        D:2 |      61 |       0 |   0.0 |      20 |       0 |   0.0
        D:3 |      54 |       0 |   0.0 |       2 |       0 |   0.0
            +---------+---------+-------+---------+---------+-------
